 Dungeon Crawl Stone Soup version 0.27-a0-1595-g0b823d0a13 (webtiles) character file.

Game seed: 16469622713383486366

107 Brandom the Skirmisher (level 4, -2/41 HPs)
             Began as a Draconian Abyssal Knight on July 20, 2021.
             Was a Believer of Lugonu.
             Killed from afar by Crazy Yiuf (7 damage)
             ... with a puff of flame
             ... on level 2 of the Dungeon.
             The game lasted 00:05:21 (2729 turns).

Brandom the Skirmisher (Draconian Abyssal Knight)   Turns: 2729, Time: 00:05:21

Health: -2/41      AC:  6    Str: 14      XL:     4   Next: 56%
Magic:  6/6        EV: 12    Int: 12 (13) God:    Lugonu [**....]
Gold:   63         SH:  0    Dex: 11      Spells: 3/3 levels left

rFire    . . .     SeeInvis .   a - +1 falchion
rCold    . . .     Faith    .   (no shield)
rNeg     . . .     Spirit   .   (armour unavailable)
rPois    .         Reflect  .   (helmet restricted)
rElec    .         Harm     .   (no cloak)
rCorr    .         Rampage  .   c - +0 pair of gloves
Will     .....                  (no boots)
Stlth    +.........             (no amulet)
HPRegen  0.13/turn              (no ring)
MPRegen  0.10/turn              (no ring)

@: no status effects
A: AC +5, unfitting armour, cold-blooded
a: Renounce Religion, Depart the Abyss, Bend Space


You were on level 2 of the Dungeon.
You worshipped Lugonu.
Lugonu was pleased with you.
You visited 1 branch of the dungeon, and saw 2 of its levels.
You visited the Abyss 1 time.

You collected 63 gold pieces.

Inventory:

Hand Weapons
 a - a +1 falchion (weapon)
Armour
 c - a +0 pair of gloves (worn)
   (You found it on level 1 of the Abyss)
Wands
 t - a wand of flame (4)
   (You found it on level 2 of the Dungeon)
Scrolls
 d - a scroll of torment {unknown}
 e - a scroll of blinking {unknown}
 f - 2 scrolls of teleportation {unknown}
 g - 2 scrolls of noise {unknown}
 h - a scroll of summoning {unknown}
 i - a scroll of acquirement {unknown}
 j - a scroll of magic mapping {unknown}
 k - 3 scrolls of identify {@r1}
Potions
 b - a potion of lignification {unknown}
 l - a potion of brilliance {unknown}


   Skills:
 * Level 4.5 Fighting
 + Level 2.7 Long Blades
 + Level 2.7 Dodging
 + Level 2.9 Invocations


You had 3 spell levels left.
You didn't know any spells.
Your spell library contained the following spells:

 Spells                   Type           Power      Damage    Failure   Level
 Pain                     Necr           0%         1d4       32%         1
 Agony                    Necr           0%         N/A       100%        5
 Excruciating Wounds      Necr           0%         N/A       100%        5
 Malign Gateway           Summ/Tloc      0%         N/A       100%        7
 Summon Horrible Things   Summ           0%         N/A       100%        8


Dungeon Overview and Level Annotations

Branches:
Dungeon (2/15)

Altars:

Shops:
D:1 !

Annotations:
D:2 Crazy Yiuf


Innate Abilities, Weirdness & Mutations

Your plain brown scales are hard. (AC +5)
You cannot fit into any form of body armour.
You are cold-blooded and may be slowed by cold attacks.


Message History

You hit the adder.
You feel sick. The adder bites you. x2
You hit the adder.
You feel sick. The adder bites you but does no damage.
You closely miss the adder.
You tail-slap the adder, but do no damage.
You feel sick. The adder closely misses you.
You riposte.
You hit the adder.
You kill the adder!
Lugonu accepts your kill.
You can now bend space around yourself.
No target in view!
No target in view!
You feel sick.
You feel sick.
You feel sick.
You are no longer poisoned.
You see here an adder corpse.
Found a scroll labelled LOHAMM HEBE.
f - 2 scrolls labelled LOHAMM HEBE (gained 1)
There is an open door here.
Things that are here:
a +0 short sword; 2 stones Crazy Yiuf shouts!
Crazy Yiuf laughs, "Key!
Blight sing-song arm."
You open the door. You barely miss Crazy Yiuf.
Crazy Yiuf hits you with a +2 quarterstaff of chaos.
You hit Crazy Yiuf.
Your tail-slap misses Crazy Yiuf.
Crazy Yiuf screams, "Mugger!
Iron blue toodlewoodle."
Crazy Yiuf hits you with a +2 quarterstaff of chaos!
You feel yourself slow down. Crazy Yiuf freezes you.
You barely miss Crazy Yiuf.
You tail-slap Crazy Yiuf, but do no damage.
Crazy Yiuf hits you with a +2 quarterstaff of chaos!
* * * LOW HITPOINT WARNING * * *
Crazy Yiuf barely misses you.
You feel yourself speed up. Crazy Yiuf misses you.
Crazy Yiuf says, "Proton!
Snoogle bush childish."
Crazy Yiuf zaps a wand.
The puff of flame misses you.
Crazy Yiuf says, "Citrus!"
Crazy Yiuf says, "Citrus illywillydillykilly sing!"
Crazy Yiuf screams, "Nubble return to song down!"
Crazy Yiuf flaps his cloak.
Crazy Yiuf zaps a wand.
The puff of flame hits you!
* * * LOW HITPOINT WARNING * * *
Crazy Yiuf yells, "Shadow King infinity!"
Crazy Yiuf zaps a wand.
The puff of flame hits you!
You die...

##♣♣♣♣♣ ###...♣.♣♣♣
##......♣..♣#.
#####......♣♣♣♣.'.
#......#..♣♣ ♣♣#.
#.####.##♣♣ #...g..#
####@###### #.##.#
#.#### #.##.# #....#
###### #.##.# #.)..#
#..... #.##.####....#
#.....
#..).#..'....###.....
#.####.##....#.......
#.# #.##....#.#.....
#.####.##....#.......


You could see Crazy Yiuf.

Vanquished Creatures
  4 gnolls
  3 adders (D:2)
  A dart slug (D:2)
  A bat (D:1)
  2 endoplasms (D:1)
  3 giant cockroaches (D:1)
  3 goblins
  4 hobgoblins (D:1)
  4 jackals (D:1)
  2 kobolds
  3 quokkas (D:1)
  2 ball pythons
  3 frilled lizards
  4 rats
39 creatures vanquished.

Notes
Turn   | Place    | Note
-------+----------+-------------------------------------------
     0 | Abyss:1  | Brandom the Draconian Abyssal Knight began the quest for
                  | the Orb.
     0 | Abyss:1  | Reached XP level 1. HP: 19/19 MP: 2/2
    23 | Abyss:1  | Found a corrupted altar of Lugonu.
    68 | Abyss:1  | Found a corrupted altar of Lugonu.
   107 | Abyss:1  | Found a corrupted altar of Lugonu.
   285 | Abyss:1  | Noticed a wretched star
   288 | D:1      | Escaped the Abyss
   364 | D:1      | Reached * piety under Lugonu
   375 | D:1      | Found Roobofav's Distillery.
   800 | D:1      | Reached XP level 2. HP: 25/26 MP: 3/3
  1425 | D:1      | Reached XP level 3. HP: 30/33 MP: 4/4
  1469 | D:1      | Found a faded altar of an unknown god.
  1576 | D:1      | Reached skill level 4 in Fighting
  1940 | D:2      | Reached XP level 4. HP: 37/40 MP: 4/6
  2077 | D:2      | Found a runed translucent door.
  2078 | D:2      | Noticed Crazy Yiuf
  2458 | D:2      | Reached ** piety under Lugonu
  2729 | D:2      | Killed from afar by Crazy Yiuf

Illustrated notes

Levels and vault maps discovered:
D:1:      nagdon_arrival_zigzag_paths, layout_loops_ring, serial_shops,
          nicolae_shop_trees, chequers_ecumenical_altar_lobes,
          minmay_misc_feat_room
D:2:      layout_basic, uniq_crazy_yiuf_cottage

Skill      XL: |  1  2  3 |
---------------+----------+-----
Fighting       | 4 |  4.5
Long Blades    | |  2.7
Dodging        | |  2.7
Invocations    | |  2.9

Action                   |  1- 3 |  4- 6 || total
-------------------------+-------+-------++-------
Melee: Falchion          |    80 |    33 ||   113
       Tailslap          |    13 |     6 ||    19
Invok: Depart the Abyss  |     1 |       ||     1
  Use: Scroll            |     1 |       ||     1
Armor: Skin              |    26 |     6 ||    32
Dodge: Dodged            |    73 |    22 ||    95
       Rpst.: Falchion   |    24 |     7 ||    31

Table legend: (Time is in decaauts)
 A = Elapsed time spent in this place.
 B = Non-inter-level travel time spent in this place.
 C = Inter-level travel time spent in this place.
 D = Time resting spent in this place.
 E = Time spent auto-exploring this place.
 F = Levels seen in this place.
 G = Mean time per level.
                   A        B        C        D        E       F      G
               +--------+--------+--------+--------+--------+-----+--------+
         Total |   2759 |   2716 |     43 |    293 |   2049 |   3 |  919.7 |
       Dungeon |   2470 |   2427 |     43 |    293 |   1806 |   2 | 1235.0 |
         Abyss |    289 |    289 |      0 |      0 |    243 |   1 |  289.0 |
               +--------+--------+--------+--------+--------+-----+--------+

Top non-repeatable levels by time:
     D:1: 1600 daAuts
     D:2: 869 daAuts
 Abyss:1: 289 daAuts
